[ AOE2 MATCH · #506284434 ]
UnrankedPersians vs Wei
Player's team · WIN
Rival team · LOSS
[ REPLAY ANALYSIS · EXTRACTED FROM THE RECORDED GAME ]
Feudal
—
Castle
—
Imperial
—
| APM avg | 44.5 |
| APM peak | 88 |
| eAPM avg | 22.2 |
| Villagers / military | 52 / 0 |
Focus
⚔️ 24.3% · 🌾 75.7%
Feudal
9:07
Castle
—
Imperial
—
| APM avg | 61.2 |
| APM peak | 215 |
| eAPM avg | 43.0 |
| Villagers / military | 21 / 0 |
Focus
⚔️ 5.7% · 🌾 94.3%
Match map
Initial resources + every placement click. Lines = walls · curves = elevation contours. ◆ gold · ⬟ stone · ● berries · ✦ relic · ◌ wall gap
Your base· Open — unwalled flank
The Invisible Man's base· Open — unwalled flank
Smoothed initial terrain · ◌ = detected wall gap · hover for details
Inputs per minute
— Jas - - The Invisible Man
Build order — Jas
61 actions detected in the replay
| 0:00 | Queue | Villager (Male) |
| 0:01 | Queue | Villager (Male) |
| 0:01 | Queue | Villager (Male) |
| 0:02 | Build | House |
| 0:03 | Build | House |
| 0:15 | Queue | Villager (Male) |
| 0:15 | Queue | Villager (Male) |
| 1:16 | Queue | Villager (Male) |
| 1:16 | Queue | Villager (Male) |
| 1:41 | Build | Lumber Camp |
| 1:48 | Queue | Villager (Male) |
| 1:48 | Queue | Villager (Male) |
| 2:19 | Queue | Villager (Male) |
| 2:20 | Queue | Villager (Male) |
| 3:03 | Queue | Villager (Male) |
| 3:03 | Queue | Villager (Male) |
| 3:03 | Queue | Villager (Male) |
| 3:21 | Queue | Villager (Male) |
| 3:21 | Queue | Villager (Male) |
| 3:41 | Build | House |
| 3:44 | Queue | Villager (Male) |
| 3:44 | Queue | Villager (Male) |
| 4:07 | Build | Mill |
| 4:21 | Queue | Villager (Male) |
| 4:21 | Queue | Villager (Male) |
| 4:36 | Queue | Villager (Male) |
| 4:36 | Queue | Villager (Male) |
| 4:54 | Queue | Villager (Male) |
| 4:54 | Queue | Villager (Male) |
| 4:55 | Queue | Villager (Male) |
| 6:06 | Queue | Villager (Male) |
| 6:06 | Queue | Villager (Male) |
| 6:09 | Research | Loom |
| 6:10 | Queue | Villager (Male) ×2 |
| 6:10 | Queue | Villager (Male) ×2 |
| 6:17 | Build | House |
| 7:03 | Build | Town Center |
| 7:15 | Build | Palisade Wall |
| 7:16 | Build | Palisade Wall |
| 8:06 | Queue | Villager (Male) |
| 8:06 | Queue | Villager (Male) |
| 8:07 | Queue | Villager (Male) |
| 8:12 | Queue | Villager (Male) |
| 8:12 | Queue | Villager (Male) |
| 8:49 | Queue | Villager (Male) |
| 8:49 | Queue | Villager (Male) |
| 9:30 | Queue | Villager (Male) |
| 9:31 | Queue | Villager (Male) |
| 9:49 | Build | House |
| 10:04 | Queue | Villager (Male) |
| 10:04 | Queue | Villager (Male) |
| 10:37 | Queue | Villager (Male) |
| 10:37 | Queue | Villager (Male) |
| 12:01 | Queue | Villager (Male) |
| 12:01 | Queue | Villager (Male) |
| 12:30 | Queue | Villager (Male) |
| 12:30 | Queue | Villager (Male) |
| 12:42 | Queue | Villager (Male) |
| 12:43 | Queue | Villager (Male) |
| 13:21 | Queue | Villager (Male) |
| 13:21 | Queue | Villager (Male) |
Build order — The Invisible Man
30 actions detected in the replay
| 0:00 | Queue | Villager (Male) |
| 0:00 | Queue | Villager (Male) |
| 0:01 | Queue | Villager (Male) |
| 0:01 | Queue | Villager (Male) |
| 0:03 | Build | House |
| 0:09 | Build | House |
| 1:41 | Queue | Villager (Male) |
| 1:50 | Build | Lumber Camp |
| 1:53 | Queue | Villager (Male) |
| 2:24 | Queue | Villager (Male) |
| 2:55 | Queue | Villager (Male) |
| 3:11 | Queue | Villager (Male) |
| 3:50 | Queue | Villager (Male) |
| 3:50 | Queue | Villager (Male) |
| 3:58 | Build | House |
| 4:33 | Build | Mill |
| 4:44 | Queue | Villager (Male) |
| 4:44 | Queue | Villager (Male) |
| 4:44 | Queue | Villager (Male) |
| 5:13 | Queue | Villager (Male) |
| 6:13 | Research | Loom |
| 6:57 | Research | Feudal Age |
| 8:14 | Queue | Villager (Male) |
| 9:07 | Age | Feudal Age |
| 9:48 | Build | Mining Camp |
| 9:50 | Queue | Villager (Male) |
| 10:31 | Queue | Villager (Male) |
| 10:31 | Queue | Villager (Male) |
| 10:53 | Queue | Villager (Male) |
| 10:53 | Queue | Villager (Male) |
Match timeline
| 7:15 | Jas · wall_segment Palisade Wall x1 |
| 7:16 | Jas · wall_segment Palisade Wall x1 |
| 9:07 | The Invisible Man · age_up feudal |
| 13:56 | The Invisible Man · resign |
[ AI ANALYSIS · 1 CREDIT ]
What really happened in this match?
Wolo.gg analyzes every decision: build order, eco, micro, common mistakes by bracket. Personalized analysis on WhatsApp or Discord in 30 seconds.
Civ guide
Persians
Perfil
Jugador #24026933